 Dungeon Crawl Stone Soup version 0.28.0-43-g3370ac3207 (webtiles) character file.

Game seed: 17121225872742737017

46 Pemander the Vexing (level 3, -2/14 HPs)
             Began as a Felid Enchanter on Mar 21, 2022.
             Frozen to death by an endoplasm (4 damage)
             ... on level 2 of the Dungeon.
             The game lasted 00:02:52 (2600 turns).

Pemander the Vexing (Felid Enchanter)               Turns: 2600, Time: 00:02:52

Health: -2/14      AC:  1    Str:  6    XL:     3   Next: 44%
Magic:  2/7        EV: 17    Int: 16    God:
Gold:   51         SH:  0    Dex: 16    Spells: 4/7 levels left
                                        Lives:  0   Deaths: 0

rFire   . . .      SeeInvis +     - Unarmed
rCold   . . .      Faith    .   (shield unavailable)
rNeg    . . .      Spirit   .   (armour unavailable)
rPois   .          Reflect  .   (helmet unavailable)
rElec   .          Harm     .   (cloak unavailable)
rCorr   .          Rampage  .   (gloves unavailable)
Will    .....                   (boots unavailable)
Stlth   +++.......              (no amulet)
HPRegen 0.04/turn               (no ring)
MPRegen 0.10/turn               (no ring)

@: quick
A: very small, claws 1, fangs 3, see invisible, speed 1, shaggy fur 1, stealthy
paws, no weapons or thrown items, no armour, multi-lived
a: no special abilities


You were on level 2 of the Dungeon.
You visited 1 branch of the dungeon, and saw 2 of its levels.

You collected 51 gold pieces.

Inventory:

Scrolls
 b - a scroll of enchant armour {unknown}
 c - 2 scrolls of blinking {unknown}
 e - a scroll of amnesia {unknown}
 f - a scroll of enchant weapon {unknown}
Potions
 a - a potion of invisibility
 d - 2 potions of lignification {unknown}


   Skills:
 - Level 2.6 Dodging
 + Level 4.9 Stealth
 - Level 1.0 Unarmed Combat
 + Level 2.6 Spellcasting
 + Level 5.2 Hexes


You had 4 spell levels left.
You knew the following spells:

 Your Spells              Type           Power      Damage    Failure   Level
a - Ensorcelled Hibernat  Hex/Ice        20%        N/A       10%         2
b - Magic Dart            Conj           8%         1d3       21%         1

Your spell library contained the following spells:

 Spells                   Type           Power      Damage    Failure   Level
 Confusing Touch          Hex            18%        N/A       7%          3
 Tukima's Dance           Hex            18%        N/A       7%          3
 Freeze                   Ice            8%         1d3       21%         1
 Dazzling Flash           Conj/Hex       20%        N/A       21%         3
 Searing Ray              Conj           4%         2d4       30%         2
 Frozen Ramparts          Ice            4%         1d2       52%         3
 Fulminant Prism          Conj/Hex       5%         3d7       54%         4
 Hailstorm                Conj/Ice       2%         3d3       89%         4


Dungeon Overview and Level Annotations

Branches:
Dungeon (2/15)

Altars:

Annotations:
D:2 Robin


Innate Abilities, Weirdness & Mutations

You have sharp claws.
You have razor-sharp teeth.
You have supernaturally acute eyesight. (SInv)
You cover ground quickly. (Speed+)
You are covered in fur. (AC +1)
Your paws help you pounce on unaware monsters.
You are incapable of wielding weapons or throwing items.
You cannot wear armour.
You gain extra lives every three experience levels.


Message History

Press: ? - help, Shift-Dir - straight line, f/p - dart slug
Aim: a dart slug (100% to hit)
The magic dart hits the dart slug.
The dart slug is lightly wounded.
Casting: Magic Dart (safe; 21% risk of failure)
Confirm with . or Enter, or press ? or * to list all spells.
Aiming: Magic Dart (safe; 21% risk of failure)
Press: ? - help, Shift-Dir - straight line, f/p - dart slug
Aim: a dart slug (lightly wounded, 100% to hit)
The magic dart hits the dart slug.
The dart slug is moderately wounded.
Casting: Magic Dart (safe; 21% risk of failure)
Confirm with . or Enter, or press ? or * to list all spells.
Aiming: Magic Dart (safe; 21% risk of failure)
Press: ? - help, Shift-Dir - straight line, f/p - dart slug
Aim: a dart slug (moderately wounded, 100% to hit)
The magic dart hits the dart slug.
The dart slug is heavily wounded.
The dart slug launches a dart at you. The slug dart misses you.
The dart slug launches a dart at you. The slug dart hits you.
You scratch the dart slug but do no damage.
The dart slug is heavily wounded.
The frilled lizard completely misses you.
The dart slug closely misses you. The frilled lizard misses you.
Your magical contamination has completely faded away.
You see here a frilled lizard corpse.
You see here a rat corpse.
The endoplasm quivers.
The endoplasm freezes you.
You are frozen.
* * * LOW HITPOINT WARNING * * *
You scratch the endoplasm.
You bite the endoplasm, but do no damage.
The endoplasm is moderately wounded.
The endoplasm freezes you.
You are frozen.
You die...

######### #####
#.......# #...#
#.......# #...##
#.......#
#..<.#####.....(.#
#.....÷.##.........
#...###÷.........##
##J## ###..........
#@# ##.....>...#.
#.# #...######....
#l#[..## ....
#.#.## ... ##...#
#..### #.w# #.†#
########†##


You could see a dart slug, an endoplasm and a frilled lizard.

Vanquished Creatures
  2 adders (D:2)
  A dart slug (D:2)
  2 ball pythons
  2 bats (D:1)
  An endoplasm (D:1)
  2 giant cockroaches (D:1)
  5 goblins
  2 hobgoblins
  4 quokkas
  2 frilled lizards
  3 rats
26 creatures vanquished.

Notes
Turn   | Place    | Note
-------+----------+-------------------------------------------
     0 | D:1      | Pemander the Felid Enchanter began the quest for the Orb.
     0 | D:1      | Reached XP level 1. HP: 7/7 MP: 4/4
   462 | D:1      | Reached XP level 2. HP: 4/11 MP: 6/6
   696 | D:1      | Learned a level 2 spell: Ensorcelled Hibernation
   698 | D:1      | Learned a level 1 spell: Magic Dart
  1800 | D:2      | Noticed Robin
  1822 | D:1      | Reached skill level 5 in Hexes
  2242 | D:2      | Reached XP level 3. HP: 14/14 MP: 7/7
  2600 | D:2      | Frozen to death by an endoplasm

Illustrated notes

Levels and vault maps discovered:
D:1:      lemuel_arrival_river_ford, layout_basic
D:2:      layout_rooms, uniq_robin

Skill      XL: |  1  2 |
---------------+-------+-----
Hexes          | 5 |  5.2
Dodging        | |  2.6
Stealth        | |  4.9
Unarmed Combat | |  1.0
Spellcasting   | |  2.6

Action                   || total
-------------------------++-------
Melee: Unarmed           ||    72
       Bite              ||     8
 Cast: Magic Dart        ||    19
       Ensorcelled Hiber ||     4
 Stab: Sleeping          ||     7
Armor: Skin              ||     6
Dodge: Dodged            ||    66
